 Dungeon Crawl Stone Soup version 0.30.1-4-g462c640d31 (webtiles) character file.

Game seed: 13225237149010206610

235 Heoruswealwe the Shooter (level 5, 0/46 HPs)
             Began as a Demigod Hunter on Aug 15, 2023.
             Slain by an orc
             ... wielding a +0 war axe
              (1 damage)
             ... on level 3 of the Dungeon.
             The game lasted 00:23:28 (1706 turns).

Heoruswealwe the Shooter (Demigod Hunter)           Turns: 1706, Time: 00:23:30

Health: 0/46       AC: 12    Str: 12    XL:     5   Next: 47%
Magic:  7/7        EV: 13    Int: 11    God:
Gold:   111        SH:  0    Dex: 27    Spells: 4/4 levels left

rFire   + . .        a - +0 shortbow
rCold   . . .        (shield currently unavailable)
rNeg    . . .        c - +2 robe "Remoex" {rF+ Dex+6}
rPois   .            g - +0 helmet
rElec   .            (no cloak)
rCorr   .            (no gloves)
SInv    +            e - +2 pair of boots
Will    ++...        (no amulet)
Stlth   ++           k - ring of Soott {Will++ AC+4 SInv}
HPRegen 0.27/turn    (no ring)
MPRegen 0.10/turn

%: no passive effects
@: no status effects
A: high MP 1, forlorn, divine attributes
a: no special abilities


You were on level 3 of the Dungeon.
You visited 1 branch of the dungeon, and saw 3 of its levels.

You collected 159 gold pieces.
You spent 48 gold pieces at shops.

Inventory:

Hand Weapons
 a - a +0 shortbow (weapon)
Armour
 c - the +2 robe "Remoex" (worn) {rF+ Dex+6}
   (You found it on level 3 of the Dungeon)

   Dex:       It affects your dexterity (+6).
   rF:        It protects you from fire.
 e - a +2 pair of boots (worn)
 g - a +0 helmet (worn)
Jewellery
 k - the ring of Soott (left hand) {Will++ AC+4 SInv}
   (You acquired it on level 3 of the Dungeon)

   [ring of protection]

   AC:        It affects your AC (+4).
   SInv:      It lets you see invisible.
   Will:      It greatly increases your willpower.
Scrolls
 b - 2 scrolls of immolation
 h - a scroll of enchant weapon
 j - a scroll of silence
 m - a scroll of poison
 n - 2 scrolls of teleportation {unknown}
 o - a scroll of enchant armour {unknown}
Potions
 f - a potion of heal wounds {unknown}
 l - a potion of invisibility {unknown}
 p - 2 potions of flight {unknown}
 q - 2 potions of attraction {unknown}
 r - a potion of curing {unknown}


   Skills:
 + Level 4.1 Fighting
 + Level 5.2 Ranged Weapons
 - Level 1.7 Dodging
 - Level 0.8 Stealth


You had 4 spell levels left.
You didn't know any spells.
Your spell library contained the following spells:

 Spells                   Type           Power      Damage    Failure   Level
 Shock                    Conj/Air       0%         1d3       34%         1
 Ozocubu's Armour         Ice            0%         N/A       71%         3
 Stone Arrow              Conj/Erth      0%         3d7       71%         3
 Swiftness                Air            0%         N/A       71%         3
 Airstrike                Air            0%         2d(0-16)  98%         4
 Animate Armour           Summ/Erth      0%         N/A       98%         4
 Ozocubu's Refrigeration  Ice            0%         4d7       100%        7
 Lehudib's Crystal Spear  Conj/Erth      0%         10d2      100%        8


Dungeon Overview and Level Annotations

Branches:
Dungeon (3/15)

Shops:
D:1 *   D:2 [   D:3 *


Innate Abilities, Weirdness & Mutations

You have an increased reservoir of magic. (+10% MP)
You shall have no god before yourself.
Your divine heritage dramatically boosts your attributes as you level up.


Message History

The orc hits you with a +0 war axe!
You are too injured to fight recklessly!
You are too injured to fight recklessly!
You are too injured to fight recklessly!
Okay, then.
The orc priest attacks as you move away!
The orc priest closely misses you.
The orc priest calls down the wrath of Beogh upon you.
Beogh smites you!
* * * LOW HITPOINT WARNING * * *
Fire: a) +0 shortbow
Press: ? - help, Q - select action Shift-Dir - straight line, f/p - orc priest
Aim: an orc priest, wielding a +0 club (almost dead, 69% to hit)
You shoot an arrow. The arrow hits the orc.
The orc is lightly wounded.
The orc priest calls upon Beogh to heal the orc.
The orc's wounds heal themselves!
The orc hits you with a +0 war axe.
* * * LOW HITPOINT WARNING * * *
The orc attacks as you move away! The orc hits you but does no damage.
The orc attacks as you move away! The orc hits you with a +0 war axe!
* * * LOW HITPOINT WARNING * * *
The orc priest looks encouraged for a moment.
Things that are here:
a +0 dagger; a goblin corpse
Okay, then.
Fire: a) +0 shortbow
Press: ? - help, Q - select action Shift-Dir - straight line, f - orc
Aim: an orc, wielding a +0 war axe (69% to hit)
You shoot an arrow. The arrow hits the orc.
The orc is severely wounded.
The orc hits you with a +0 war axe.
* * * LOW HITPOINT WARNING * * *
The orc hits you but does no damage.
Fire: a) +0 shortbow
Press: ? - help, Q - select action Shift-Dir - straight line, f/p - orc
Aim: an orc, wielding a +0 war axe (severely wounded, 69% to hit)
You shoot an arrow. The arrow hits the orc.
The orc is almost dead.
The orc hits you with a +0 war axe.
You die...

# #.# #
.######...§§..#
# #.#.#
#J)..~.§...#
#####.#.#
...#..§§§§..#
#<......# ##
#....§~..#
#####.#.#
#o...~...# # #.#
. #oJ......# #
#.# ...
#.#.##.###
#####.#
#...#####o#....#
......#
#...@ooJ..####
#######
#######.### ...#
###.# ###


You could see an orc priest, 2 orcs and an endoplasm.

Vanquished Creatures
  An ogre (D:3)
  A hound (D:3)
  3 adders (D:2)
  5 worms
  3 dart slugs
  6 orcs (D:3)
  3 bats
  2 endoplasms
  2 giant cockroaches
  11 hobgoblins
  6 jackals
  8 kobolds
  A quokka (D:2)
  2 ball pythons (D:2)
  4 frilled lizards
  5 goblins
  4 rats
67 creatures vanquished.

Notes
Turn   | Place    | Note
-------+----------+-------------------------------------------
     0 | D:1      | Heoruswealwe the Demigod Hunter began the quest for the
                  | Orb.
     0 | D:1      | Reached XP level 1. HP: 17/17 MP: 3/3
   224 | D:1      | Reached XP level 2. HP: 24/24 MP: 4/4
   257 | D:1      | Reached skill level 4 in Ranged Weapons
   261 | D:1      | Found Celiej's General Store.
   556 | D:2      | Reached XP level 3. HP: 30/30 MP: 5/5
   839 | D:2      | Found Kuqaysiug's Armour Boutique.
   888 | D:2      | Reached XP level 4. HP: 38/38 MP: 6/6
  1248 | D:3      | Found Voemiwox's General Store.
  1293 | D:3      | Bought a scroll of identify for 24 gold pieces
  1293 | D:3      | Bought a scroll of identify for 24 gold pieces
  1305 | D:3      | Identified the +2 robe "Remoex" {rF+ Dex+6}
  1470 | D:3      | Noticed an ogre
  1488 | D:3      | Killed an ogre
  1489 | D:3      | Reached skill level 5 in Ranged Weapons
  1489 | D:3      | Reached XP level 5. HP: 46/46 MP: 7/7
  1618 | D:3      | Identified a scroll of acquirement
  1621 | D:3      | Acquired the ring of Soott {Will++ AC+4 SInv}
  1702 | D:3      | HP: 2/46 [orc/+0 war axe (8)]
  1706 | D:3      | Slain by an orc

Illustrated notes

Levels and vault maps discovered:
D:1:      eino_arrival_water_cross, layout_rooms, serial_shops, shop
D:2:      layout_rooms, serial_shops, shop, grunt_decor_fettered, minmay_between
D:3:      layout_basic, mainiacjoe_overflow_alcove_2, slow_altar_2,
          nicolae_qazlal_scattered_showers, serial_shops, shop, uniq_terence

Skill      XL: |  1  2  3  4 |
---------------+-------------+-----
Fighting       | 2 3 4 |  4.1
Ranged Weapons | 4 5 |  5.2
Dodging        | |  1.7
Stealth        | |  0.8

Action                     |  1- 3 |  4- 6 || total
---------------------------+-------+-------++-------
   Fire: Shortbow          |   164 |    69 ||   233
    Use: Scroll            |       |     6 ||     6
 Armour: Leather armour    |    30 |     5 ||    35
         Robe              |       |    15 ||    15
  Dodge: Dodged            |    45 |    33 ||    78
